 Dungeon Sprint DCSS version 0.27.1-3-gb3d3a73c9e (webtiles) character file.

Game seed: 3053482705483700596

6100000 raph the Axe Maniac (level 27, -13/298 HPs)
             Began as a Deep Dwarf Gladiator on Oct 9, 2021.
             Was the Champion of Makhleb.
             Mangled by a bag of meat (30 damage)
             ... in the Dungeon (Sprint VIII: "Arena of Blood").
             The game lasted 00:04:46 (61 turns).

raph the Axe Maniac (Deep Dwarf Gladiator)            Turns: 61, Time: 00:04:46

Health: -13/298    AC:  8    Str: 22    XL:     27
Magic:  27/54      EV: 34    Int: 10    God:    Makhleb [******]
Gold:   0          SH:  0    Dex: 22    Spells: 80/80 levels left

rFire    . . .     SeeInvis .   k - +∞ Axe of Woe
rCold    . . .     Faith    .   (shield currently unavailable)
rNeg     + . .     Spirit   .   b - +0 leather armour
rPois    .         Reflect  .   c - +0 helmet
rElec    .         Harm     .   (no cloak)
rCorr    .         Rampage  .   (no gloves)
Will     ++++.     NoTele   +   (no boots)
Stlth    ++++++++++             (no amulet)
HPRegen  0.00/turn              l - +30 ring of slaying
MPRegen  0.34/turn              (no ring)

@: no status effects
A: damage resistance, heal wounds, negative energy resistance 1, sense
surroundings 3, no regeneration
a: Heal Wounds, Renounce Religion, Minor Destruction, Lesser Servant of Makhleb,
Major Destruction, Greater Servant of Makhleb


You were in the Dungeon.
You worshipped Makhleb.
Makhleb was exalted by your worship.
You visited 1 branch

Inventory:

Hand Weapons
 a - a +0 war axe
 k - the +∞ Axe of Woe (weapon)
   (You found it in the Dungeon)
Missiles
 d - 3 throwing nets (quivered)
Armour
 b - a +0 leather armour (worn)
 c - a +0 helmet (worn)
Jewellery
 l - a +30 ring of slaying (left hand)
Potions
 e - a potion of curing
 f - a potion of heal wounds
 g - a potion of haste
 h - 2 potions of magic
 i - a potion of berserk rage


   Skills:
 O Level 27 Fighting
 + Level 18.8(21.6) Short Blades
 + Level 20.2(23.1) Long Blades
 O Level 27 Axes
 O Level 27 Maces & Flails
 O Level 27 Polearms
 O Level 27 Staves
 O Level 27 Slings
 + Level 16.3 Bows
 + Level 21.7 Crossbows
 O Level 27 Throwing
 O Level 27 Armour
 O Level 27 Dodging
 O Level 27 Stealth
 O Level 27 Shields
 O Level 27 Unarmed Combat
 O Level 27 Spellcasting
 O Level 27 Conjurations
 O Level 27 Hexes
 O Level 27 Summonings
 O Level 27 Necromancy
 + Level 21.6 Translocations
 + Level 18.8 Transmutations
 O Level 27 Fire Magic
 O Level 27 Ice Magic
 O Level 27 Air Magic
 O Level 27 Earth Magic
 + Level 17.5 Poison Magic
 O Level 27 Invocations
 O Level 27 Evocations


You had 80 spell levels left.
You didn't know any spells.
Your spell library was empty.

Dungeon Overview and Level Annotations

Branches:
Dungeon (1/1)

Altars:
Makhleb


Innate Abilities, Weirdness & Mutations

You are resistant to damage.
You can heal yourself by infusing magical energy.
You resist negative energy. (rN+)
You passively map a large area around you.
You do not regenerate.


Message History

A dread comes into view.
The bag of meat is engulfed in blazing flames.
You hear a shout!
The destroyer blinks!
The destroyer hits you with a +9 vorpal great sword!!!
The destroyer bites you.
The bag of meat is engulfed in blazing flames.
The bag of meat barely misses you.
The bag of meat completely misses your balrug.
A bag of meat comes into view. It is wielding a +9 war axe.
The bag of meat is engulfed in blazing flames.
The bag of meat hits you with a +9 war axe!!
Something hits your balrug!
Your balrug dies!
Press: ? - help, Shift-Dir - straight line, f - large bag of meat
Aim: a large bag of meat, wielding a +9 giant spiked club and wearing a +100 ring of slaying (inner flame)
You hear a mighty clap of thunder!
The bolt of lightning misses the bag of meat.
The bolt of lightning hits the meat berserker!!!!
The meat berserker is lightly wounded.
The bolt of lightning hits the large bag of meat!!!
Flame seeps out of the large bag of meat.
The large bag of meat is lightly wounded.
The meat beast appears out of thin air!
A meat beast comes into view.
The meat beast trumpets!
You hear a shout! x19
The meat berserker is engulfed in blazing flames.
You hear a shout! x2
The bag of meat is engulfed in blazing flames.
You hear a shout!
The destroyer hits you with a +9 vorpal great sword!!!!!
Ouch! That really hurt!
* * * LOW HITPOINT WARNING * * *
x2 The destroyer bites you.
* * * LOW HITPOINT WARNING * * *
The destroyer draws strength from your injuries!
You hear a shout!
The bag of meat is engulfed in blazing flames.
The bag of meat hits you with a +9 war axe!!
You die...

, ......###.).)......
* , ,
......._).)))...... ,
, ....#o....#.......#
, ., #_o<)o#o..o.....
, , ,
..§#.)ooo#......#.# ,
, ,
......)_)z.o.V......
,
,..§...###oo§......#o
, ,* ,
.###...zo§§###.V....
, *,,, ,,
#..Oo§Oo#@VO....., ,
,* ,
,#....§zO#ooo..2.. ,
, ...MM.O))oOo.O....,
,, ,, ,
.....O..z☼V.O#...# ,,
* *
,........O...#o...# ,
, ..........##..§OO#
, , , ,, , ........#.
....#o , **, ,,
,........#. .###Oo ,
.#..........., .O ,,


You could see a meat beast (fast), 3 destroyers, a sculptor of flesh, 3 large
bags of meat, 4 meat berserkers and 8 bags of meat.

Vanquished Creatures
  8 vampire knights (D)
  27 ogres (D)
  2 two-headed ogres (D)
  40 orcs (D)
  2 skeletal warriors (D)
79 creatures vanquished.

Notes
Turn   | Place    | Note
-------+----------+-------------------------------------------
     0 | D        | Found the +∞ Axe of Woe
     0 | D        | raph the Deep Dwarf Gladiator began the quest for the Orb.
     0 | D        | Reached XP level 1. HP: 19/19 MP: 1/1
     2 | D        | Noticed a meat berserker
     4 | D        | Became a worshipper of Makhleb the Destroyer
     5 | D        | Killed a meat berserker
     6 | D        | Reached skill level 15 in Fighting
     6 | D        | Reached skill level 15 in Throwing
     6 | D        | Reached XP level 2. HP: 52/52 MP: 2/2
     6 | D        | Reached XP level 3. HP: 60/60 MP: 3/3
     6 | D        | Reached XP level 4. HP: 68/68 MP: 4/4
     6 | D        | Reached XP level 5. HP: 75/75 MP: 5/5
     6 | D        | Reached XP level 6. HP: 84/84 MP: 6/6
     6 | D        | Reached XP level 7. HP: 91/91 MP: 7/7
     6 | D        | Reached XP level 8. HP: 99/99 MP: 8/8
     6 | D        | Gained mutation: You passively map the area around you.
                  | [Deep Dwarf growth]
     6 | D        | Reached XP level 9. HP: 108/108 MP: 9/9
     6 | D        | Reached XP level 10. HP: 116/116 MP: 10/10
     6 | D        | Reached XP level 11. HP: 123/123 MP: 11/11
     6 | D        | Reached XP level 12. HP: 132/132 MP: 12/12
     6 | D        | Reached XP level 13. HP: 139/139 MP: 13/13
     6 | D        | Noticed a bag of meat
     6 | D        | Noticed a meat berserker
     7 | D        | Noticed a bag of meat
     7 | D        | Noticed a bag of meat
     8 | D        | Noticed a bag of meat
     9 | D        | Noticed a meat berserker
     9 | D        | Noticed a bag of meat
     9 | D        | Noticed a bag of meat
     9 | D        | Noticed a bag of meat
     9 | D        | Noticed a bag of meat
    10 | D        | Noticed a bag of meat
    11 | D        | Noticed a bag of meat
    11 | D        | Noticed a meat berserker
    11 | D        | Noticed a meat berserker
    11 | D        | Noticed a bag of meat
    11 | D        | Noticed a bag of meat
    12 | D        | Killed a meat berserker
    12 | D        | Reached * piety under Makhleb
    12 | D        | Killed a bag of meat
    12 | D        | Noticed a bag of meat
    13 | D        | Gained mutation: You resist negative energy. (rN+) [Deep
                  | Dwarf growth]
    13 | D        | Reached XP level 14. HP: 124/163 MP: 14/14
    13 | D        | Killed a bag of meat
    13 | D        | Killed a meat berserker
    13 | D        | Reached ** piety under Makhleb
    13 | D        | Killed a bag of meat
    14 | D        | Reached skill level 27 in Axes
    14 | D        | Reached XP level 15. HP: 186/186 MP: 15/15
    14 | D        | Reached XP level 16. HP: 195/195 MP: 16/16
    14 | D        | Reached *** piety under Makhleb
    15 | D        | Reached skill level 27 in Fighting
    15 | D        | Reached skill level 27 in Dodging
    15 | D        | Reached skill level 5 in Armour
    15 | D        | Noticed a meat berserker
    18 | D        | Reached XP level 17. HP: 202/208 MP: 16/30
    18 | D        | Killed a meat berserker
    18 | D        | Killed a meat berserker
    18 | D        | Reached **** piety under Makhleb
    18 | D        | Noticed a meat berserker
    19 | D        | Reached skill level 27 in Invocations
    19 | D        | Gained mutation: You passively map a large area around you.
                  | [Deep Dwarf growth]
    19 | D        | Reached XP level 18. HP: 218/218 MP: 16/35
    20 | D        | Reached XP level 19. HP: 226/226 MP: 16/36
    20 | D        | Reached ***** piety under Makhleb
    21 | D        | Reached skill level 27 in Throwing
    21 | D        | Reached skill level 27 in Armour
    21 | D        | Reached skill level 15 in Stealth
    21 | D        | Killed a meat berserker
    22 | D        | Noticed a meat berserker
    23 | D        | Reached skill level 27 in Stealth
    23 | D        | Noticed a large bag of meat
    23 | D        | Noticed a meat berserker
    24 | D        | Noticed a destroyer
    25 | D        | Noticed a meat berserker
    25 | D        | Noticed a meat berserker
    25 | D        | Killed a meat berserker
    26 | D        | Reached XP level 20. HP: 236/236 MP: 18/43
    26 | D        | Killed a meat berserker
    26 | D        | Killed a meat berserker
    27 | D        | Reached skill level 27 in Spellcasting
    27 | D        | Reached XP level 21. HP: 244/244 MP: 18/52
    27 | D        | Killed a destroyer
    27 | D        | Reached ****** piety under Makhleb
    27 | D        | Noticed a large bag of meat
    31 | D        | Reached skill level 27 in Unarmed Combat
    32 | D        | Reached skill level 15 in Maces & Flails
    32 | D        | Reached XP level 22. HP: 254/254 MP: 19/53
    35 | D        | Reached XP level 23. HP: 262/262 MP: 20/54
    36 | D        | Reached skill level 27 in Maces & Flails
    36 | D        | Reached skill level 27 in Polearms
    36 | D        | Reached skill level 27 in Slings
    36 | D        | Reached skill level 10 in Staves
    37 | D        | Reached skill level 27 in Staves
    37 | D        | Reached XP level 24. HP: 272/272 MP: 20/54
    38 | D        | Noticed a destroyer
    38 | D        | Noticed a destroyer
    38 | D        | Noticed a destroyer
    38 | D        | Noticed a destroyer
    40 | D        | Reached XP level 25. HP: 277/280 MP: 21/54
    40 | D        | Killed a destroyer
    40 | D        | Killed a destroyer
    41 | D        | Reached skill level 27 in Necromancy
    41 | D        | Reached skill level 27 in Earth Magic
    41 | D        | Reached skill level 10 in Hexes
    42 | D        | Reached XP level 26. HP: 290/290 MP: 21/54
    45 | D        | Reached skill level 15 in Air Magic
    45 | D        | Reached skill level 27 in Evocations
    45 | D        | Noticed a destroyer
    46 | D        | Noticed an accursed
    46 | D        | Noticed a destroyer
    46 | D        | Noticed a large bag of meat
    48 | D        | Noticed a large bag of meat
    49 | D        | Noticed a destroyer
    49 | D        | Noticed a large bag of meat
    49 | D        | Noticed a destroyer
    49 | D        | Noticed a destroyer
    49 | D        | Noticed a destroyer
    50 | D        | Killed a large bag of meat
    50 | D        | Killed a destroyer
    51 | D        | Reached XP level 27. HP: 266/298 MP: 24/54
    52 | D        | Noticed a destroyer
    52 | D        | Noticed a destroyer
    53 | D        | Killed a destroyer
    53 | D        | Killed a destroyer
    54 | D        | Reached skill level 27 in Shields
    54 | D        | Killed a large bag of meat
    55 | D        | Noticed a large bag of meat
    55 | D        | Killed a destroyer
    55 | D        | Noticed an accursed
    56 | D        | Reached skill level 27 in Conjurations
    56 | D        | Reached skill level 27 in Hexes
    56 | D        | Reached skill level 27 in Summonings
    56 | D        | Reached skill level 27 in Fire Magic
    56 | D        | Reached skill level 27 in Ice Magic
    56 | D        | Reached skill level 27 in Air Magic
    56 | D        | Reached skill level 10 in Long Blades
    58 | D        | Reached skill level 15 in Long Blades
    58 | D        | Noticed a large bag of meat
    59 | D        | Reached skill level 15 in Poison Magic
    59 | D        | Killed a destroyer
    60 | D        | Noticed a dread
    61 | D        | Noticed a meat beast
    61 | D        | Mangled by a bag of meat

Illustrated notes

Levels and vault maps discovered:
D:        meatsprint

Skill      XL: |  1  2  3  4  5  6  7  8  9 10 11 12 13 14 15 16 17 18 19 20 21 22 23 24 25 26 27 |
---------------+----------------------------------------------------------------------------------+-----
Fighting       | 15 20 25 27 | 27.0
Axes           | 18 23 27 | 27.0
Throwing       | 15 18 22 25 27 | 27.0
Dodging        | 18 21 24 27 | 27.0
Armour         | 12 20 25 27 | 27.0
Invocations    | 19 27 | 27.0
Stealth        | 27 | 27.0
Spellcasting   | 19 27 | 27.0
Unarmed Combat | 9 27 | 27.0
Maces & Flails | 15 24 27 | 27.0
Polearms       | 14 22 27 | 27.0
Slings         | 16 26 27 | 27.0
Staves         | 27 | 27.0
Necromancy     | 3 22 27 | 27.0
Earth Magic    | 4 26 27 | 27.0
Shields        | 16 25 27 | 27.0
Conjurations   | 14 21 27 | 27.0
Hexes          | 13 20 27 | 27.0
Summonings     | 14 21 27 | 27.0
Fire Magic     | 14 21 27 | 27.0
Ice Magic      | 14 21 27 | 27.0
Air Magic      | 12 19 27 | 27.0
Evocations     | 25 27 | 27.0
Short Blades   | 18 | 18.8
Long Blades    | 20 | 20.2
Bows           | 16 | 16.3
Crossbows      | 21 | 21.7
Translocations | 21 | 21.6
Transmutations | 18 | 18.8
Poison Magic   | 17 | 17.5

Action                   |  1- 3 |  4- 6 |  7- 9 | 10-12 | 13-15 | 16-18 | 19-21 | 22-24 | 25-27 || total
-------------------------+-------+-------+-------+-------+-------+-------+-------+-------+-------++-------
Melee: Executioner's axe |     1 |       |       |       |     2 |     4 |     9 |     7 |    10 ||    33
Invok: Lesser Servant of |       |       |       |       |       |     2 |       |       |       ||     2
       Greater Servant o |       |       |       |       |       |       |       |       |     3 ||     3
       Major Destruction |       |       |       |       |       |       |       |       |     1 ||     1
  Use: Scroll            |       |       |       |       |       |       |       |     1 |       ||     1
Dodge: Dodged            |       |       |       |       |       |     1 |       |       |     5 ||     6
